 Dungeon Crawl Stone Soup version 0.24.0-13-gcf9b319 (webtiles) character file.

Game seed: 15646869785139099888, levelgen mode: deterministic

198 Bronimir the Bolt Thrower (level 6, -9/47 HPs)
             Began as a Formicid Hunter on Mar 31, 2020.
             Killed by divine providence
             ... invoked by an orc priest
              (13 damage)
             ... on level 2 of the Dungeon.
             The game lasted 00:07:15 (2385 turns).

Bronimir the Bolt Thrower (Formicid Hunter)         Turns: 2385, Time: 00:07:16

Health: -9/47      AC:  3    Str: 19    XL:     6   Next: 6%
Magic:  6/6        EV: 17    Int: 10    God:
Gold:   37         SH:  0    Dex: 16    Spells: 5/5 levels left

rFire    . . .     SeeInvis +   v - +0 war axe
rCold    . . .     Gourm    .   (no shield)
rNeg     . . .     Faith    .   c - +0 leather armour
rPois    .         Spirit   .   (helmet unavailable)
rElec    .         Reflect  .   (no cloak)
rCorr    .         Harm     .   (no gloves)
MR       .....                  (no boots)
Stlth    +++.......             (no amulet)
HPRegen  0.15/turn              (no ring)
MPRegen  0.10/turn              (no ring)

@: agile
A: permanent stasis, dig shafts and tunnels, four strong arms, antennae 3
a: Dig, Shaft Self


You were on level 2 of the Dungeon.
You were not hungry.

You visited 1 branch of the dungeon, and saw 3 of its levels.

You collected 37 gold pieces.

Inventory:

Hand Weapons
 a - a +1 hand crossbow
 b - a +1 hand axe of chopping
 k - a +0 hand axe
 n - a +0 whip
 q - a +0 short sword
 s - a +0 spear
 v - a +0 war axe (weapon)
Missiles
 d - 8 bolts
 e - 117 stones (quivered)
 o - 15 arrows
Armour
 c - a +0 leather armour (worn)
Jewellery
 p - an uncursed amulet of the acrobat {unknown}
Scrolls
 h - a scroll of enchant weapon {unknown}
 i - a scroll of immolation {unknown}
 j - a scroll of amnesia {unknown}
 l - a scroll of fog {unknown}
 m - a scroll of noise {unknown}
 r - a scroll of teleportation {unknown}
 t - a scroll of blinking {unknown}
Comestibles
 f - 4 rations


   Skills:
 * Level 3.5 Fighting
 + Level 0.1 Polearms
 * Level 5.9 Crossbows
 * Level 1.9 Armour
 + Level 1.8 Dodging
 - Level 1.2 Stealth


You had 5 spell levels left.
You didn't know any spells.
Your spell library was empty.

Dungeon Overview and Level Annotations

Branches:
Dungeon (3/15)

Altars:


Innate Abilities, Weirdness & Mutations

You cannot be hasted, slowed, berserked, paralysed or teleported.
You can dig through walls and to a lower floor.
Your four strong arms can wield two-handed weapons with a shield.
You have a pair of large antennae on your head. (SInv)


Message History

The orc priest is heavily wounded.
You closely miss the jackal. You closely miss the rat. The jackal bites you.
The rat bites you but does no damage. The jackal completely misses you.
The orc priest invokes the aid of Beogh against you.
Beogh smites you!
* * * LOW HITPOINT WARNING * * *
You hit the orc priest but do no damage.
The orc priest is heavily wounded.
You barely miss the jackal. You hit the rat.
You kill the rat!
The jackal misses you. The orc priest hits you with a +0 mace.
* * * LOW HITPOINT WARNING * * *
The jackal barely misses you.
It was a potion of agility.
You feel agile all of a sudden. The jackal completely misses you.
The orc priest completely misses you. The jackal closely misses you.
The orc priest invokes the aid of Beogh against you.
Beogh smites you!
You die...

...#.#...#....# #...............
...#.#..<....#####...............
.....#...#.#.# #.###...<.........
.#.........#.# #.###...........†.
.#####.....#.###.................
................>###.............
######.#...#...ho[.#.....######.#
#.#...###.#.#.....#.##.....#
#.##..###.#@#.......##.##...
#...........#.....####.#...#
#####.###.#...............##
#...###)#.#.##.#####.#....
########.#..##.#...##...###....##
............####.######.#...#..#
#########....# #....#...#.#.#..##
........#....###[##.#...#<#.#....
###.....#[....##.##.#...#...##...


You could see an orc priest and a jackal.

Vanquished Creatures
  A bullfrog (D:2)
  5 gnolls
  An adder (D:2)
  2 worms (D:2)
  A dart slug (D:2)
  A leopard gecko (D:1)
  8 orcs
  8 bats
  3 giant cockroaches
  8 goblins
  4 hobgoblins
  3 jackals (D:1)
  4 frilled lizards
  6 kobolds
  11 rats
66 creatures vanquished.

Notes
Turn   | Place    | Note
-------+----------+-------------------------------------------
     0 | D:1      | Bronimir the Formicid Hunter began the quest for the Orb.
     0 | D:1      | Reached XP level 1. HP: 16/16 MP: 1/1
    54 | D:1      | Reached XP level 2. HP: 21/23 MP: 2/2
   315 | D:1      | Reached XP level 3. HP: 28/28 MP: 3/3
   511 | D:1      | Reached skill level 1 in Armour
   832 | D:2      | Reached XP level 4. HP: 34/34 MP: 4/4
   852 | D:2      | Reached skill level 5 in Crossbows
  1135 | D:2      | Noticed a bullfrog
  1150 | D:2      | Killed a bullfrog
  1150 | D:2      | Reached XP level 5. HP: 26/41 MP: 5/5
  1813 | D:2      | HP: 2/41 [orc/+4 flail of crushing (1)]
  2104 | D:2      | Reached XP level 6. HP: 45/47 MP: 6/6
  2385 | D:2      | Killed from afar by an orc priest

Levels and vault maps discovered:
D:1:      lightli_arrival_quake, layout_loops_ring, feat_on_display
D:2:      minmay_recursive_quarters, layout_basic
D:3:      layout_rooms, first_ration

Skill      XL: |  1  2  3  4 |
---------------+-------------+-----
Armour         | 1 |  1.9
Crossbows      | 5 |  5.9
Fighting       | 3 |  3.5
Polearms       | |  0.1
Dodging        | |  1.8
Stealth        | |  1.2

Action                   |  1- 3 |  4- 6 || total
-------------------------+-------+-------++-------
Melee: Spear             |       |    64 ||    64
       Hand axe          |       |    12 ||    12
       War axe           |       |     8 ||     8
 Fire: Hand crossbow     |    69 |    41 ||   110
Throw: Stone             |       |     5 ||     5
 Abil: Dig               |       |     2 ||     2
  Use: Potion            |       |     3 ||     3
  Eat: Chunk             |       |     5 ||     5
Armor: Leather armour    |     4 |    28 ||    32
Dodge: Dodged            |    10 |    95 ||   105
